 Dungeon Crawl Stone Soup version 0.30.1 (webtiles) character file.

Game seed: 12570151916428838033

52 GeoRichter the Cudgeller (level 3, -1/29 HPs)
             Began as a Draconian Warper on July 9, 2023.
             Slain by Natasha (4 damage)
             ... on level 3 of the Dungeon.
             The game lasted 00:03:14 (1091 turns).

GeoRichter the Cudgeller (Draconian Warper)         Turns: 1091, Time: 00:03:14

Health: -1/29      AC:  5    Str: 15    XL:     3   Next: 60%
Magic:  6/6        EV: 12    Int: 13    God:
Gold:   59         SH:  0    Dex: 10    Spells: 6/6 levels left

rFire   . . .        a - +0 mace
rCold   . . .        (no shield)
rNeg    . . .        (body armour unavailable)
rPois   .            (helmet restricted)
rElec   .            (no cloak)
rCorr   .            (no gloves)
SInv    .            (no boots)
Will    .....        j - amulet of the acrobat
Stlth   +            (no ring)
HPRegen 0.24/turn    (no ring)
MPRegen 0.10/turn

%: acrobat
@: no status effects
A: AC +5, unfitting armour, cold-blooded
a: no special abilities


You were on level 3 of the Dungeon.
You visited 1 branch of the dungeon, and saw 3 of its levels.

You collected 59 gold pieces.

Inventory:

Hand Weapons
 a - a +0 mace (weapon)
Missiles
 c - 7 boomerangs of dispersal (quivered) {!f}
Jewellery
 j - an amulet of the acrobat (around neck)
   (You found it on level 1 of the Dungeon)
Scrolls
 b - 2 scrolls of blinking
 d - 3 scrolls of teleportation {@r4}
 g - 3 scrolls of silence {unknown}
 k - a scroll of fog {unknown}
 l - a scroll of magic mapping {unknown}
Potions
 e - a potion of invisibility {unknown}
 f - 2 potions of flight
 h - a potion of mutation {unknown}
 m - a potion of heal wounds {unknown}


   Skills:
 - Level 2.1 Fighting
 * Level 4.0 Maces & Flails
 - Level 0.8 Throwing
 - Level 2.1 Dodging
 - Level 2.0 Spellcasting
 - Level 3.0 Translocations


You had 6 spell levels left.
You didn't know any spells.
Your spell library contained the following spells:

 Spells                   Type           Power      Damage    Failure   Level
 Blink                    Tloc           18%        N/A       11%         2
 Lesser Beckoning         Tloc           18%        N/A       11%         2
 Teleport Other           Tloc           9%         N/A       22%         3
 Vhi's Electric Charge    Tloc/Air       10%        N/A       38%         3
 Manifold Assault         Tloc           9%         N/A       58%         4


Dungeon Overview and Level Annotations

Branches:
Dungeon (3/15) Zot: 16871

Altars:

Shops:
D:1 :

Annotations:
D:2 Sigmund
D:3 2 transporters, Natasha


Innate Abilities, Weirdness & Mutations

Your plain brown scales are hard. (AC +5)
You cannot fit into any form of body armour.
You are cold-blooded and may be slowed by cold attacks.


Message History

g - 3 scrolls labelled UMPAUR BYLAO Natasha, Servant of Life and Death comes into view.
Natasha hisses angrily.
You aren't carrying any items that you can evoke.
Unknown command.
Okay, then.
Natasha completely misses you.
You closely miss Natasha.
Your tail-slap misses Natasha.
Natasha completely misses you.
You closely miss Natasha.
Natasha drinks a potion.
Natasha seems to grow stronger.
Natasha claws you.
You closely miss Natasha.
Natasha mumbles some strange words.
You hit Natasha.
Natasha is lightly wounded.
Natasha claws you!
* * * LOW HITPOINT WARNING * * *
The cerulean imp hits you but does no damage.
You barely miss Natasha.
Your tail-slap misses Natasha.
Natasha is lightly wounded.
Natasha closely misses you.
The cerulean imp hits you but does no damage.
You closely miss Natasha.
Natasha is lightly wounded.
Natasha claws you.
* * * LOW HITPOINT WARNING * * *
The cerulean imp barely misses you.
You closely miss Natasha.
Natasha is lightly wounded.
Natasha claws you!
* * * LOW HITPOINT WARNING * * *
The cerulean imp hits you but does no damage.
Natasha completely misses you.
You barely miss Natasha.
Natasha is lightly wounded.
The cerulean imp hits you from afar with a +2 spear.
* * * LOW HITPOINT WARNING * * *
Natasha closely misses you. The cerulean imp barely misses you.
Okay, then.
You aren't carrying any items that you can evoke.
You barely miss Natasha.
Natasha is lightly wounded.
Natasha claws you but does no damage. The cerulean imp closely misses you.
Sorry, you're not good enough to have a special ability.
Unknown command.
Okay, then.
You hit Natasha.
Your tail-slap misses Natasha.
Natasha is moderately wounded.
Natasha claws you.
You die...

#.# #.# #### #.#
..#####.# #.##....#
##.##.##.#
.#####...#.##.#
...........##.#########
#####...####..@h5.....
##.## #.######### #.#
#.# #.# #.# #.# #.# #.#
#.# #.## ... #..# #.
#####.########


You could see Natasha (strong) and a cerulean imp (summoned).

Vanquished Creatures
  2 dart slugs (D:1)
  3 orcs (D:3)
  4 ball pythons
  6 bats
  An endoplasm (D:1)
  4 giant cockroaches
  4 goblins
  2 hobgoblins (D:1)
  4 jackals (D:1)
  4 frilled lizards (D:1)
  5 kobolds
  2 rats (D:1)
41 creatures vanquished.

Notes
Turn   | Place    | Note
-------+----------+-------------------------------------------
     0 | D:1      | GeoRichter the Draconian Warper began the quest for the
                  | Orb.
     0 | D:1      | Reached XP level 1. HP: 17/17 MP: 3/3
    85 | D:1      | Reached XP level 2. HP: 20/24 MP: 5/5
   153 | D:1      | Found Ethranae's Book Boutique.
   204 | D:1      | Reached skill level 3 in Maces & Flails
   498 | D:1      | Reached XP level 3. HP: 24/29 MP: 6/6
   719 | D:2      | Noticed Sigmund
   769 | D:2      | Found a faded altar of an unknown god.
   914 | D:3      | Found a transporter.
   915 | D:3      | Noticed an ogre
   919 | D:3      | Noticed an ogre
  1009 | D:3      | Found a transporter.
  1022 | D:3      | Reached skill level 4 in Maces & Flails
  1079 | D:3      | Noticed Natasha
  1091 | D:3      | Slain by Natasha

Illustrated notes

Levels and vault maps discovered:
D:1:      lightli_arrival_statuegarden, layout_basic, serial_shops, shop,
          chequers_decorated_corner, minmay_tripent
D:2:      cheibrodos_fertilizer, layout_rooms, ebering_ecumenical_altar_mist,
          uniq_sigmund
D:3:      gammafunk_wand_slinger, layout_loops_ring,
          mainiacjoe_overflow_surrounded_room, marbit_many_paths,
          ebering_ghost_gozag, st_stairs_5, uniq_natasha

Skill      XL: |  1  2  3 |
---------------+----------+-----
Maces & Flails | 3 4 |  4.0
Fighting       | |  2.1
Throwing       | |  0.8
Dodging        | |  2.1
Spellcasting   | |  2.0
Translocations | |  3.0

Action                     || total
---------------------------++-------
  Melee: Mace              ||   143
         Tailslap          ||    13
         Punch             ||     1
    Use: Scroll            ||     3
         Potion            ||     1
   Stab: Sleeping          ||     1
 Armour: Skin              ||    55
  Dodge: Dodged            ||   132
